cohdb
Replays
Latest Replays
All Replays
Popular Replays
Top Player Replays
Match Explorer
How It Works
Community
CoH3 Stats
Reddit
Sign in to upload your games and track your stats! →
Sign in with Steam
Match 41531989
Unlisted
Match 41531989
Overview
Messages
Build Orders
End
Construct Weapon Support Center
Selects Heavy Weapons
M1919 Machine Gun Team
M1919 Machine Gun Team
Bazooka Squad
Mechanized Support Center
Selects M2HB .50cal Heavy Machine Gun
Selects Assault Carriers
M1919 Machine Gun Team
Construct Motor Pool
Selects M2HB .50cal Heavy Machine Gun
M16 Multiple Gun Motor Carriage
M16 Multiple Gun Motor Carriage
Designate Forward Repair Station
Construct Medical Station
M3 75 mm Gun Motor Carriage
Improvised Armor
Engineer Squad
Selects Exchangeable Parts
M3 75 mm Gun Motor Carriage
Selects Gallant Stand
110
Made in Germany
Kitty
Lucuze
gr.ape
Monkey CPU
ImNotProPlayerr
Komrad Dyatlov
0
0
Comments
sign in to comment!
No comments posted yet!